AoeStats
← 一剑扫秋风nelson

Pilgrims

508603542Analyzed
4v4 RM · 9d ago on Sep 23, 2026· 30m 35s· 8 players
Game mode
Random Map
Map size
Large (8 player)
Population
200
Speed
Normal
Resources
Standard
Victory
Conquest
Starting age
Dark Age
Ending age
Imperial Age
RankedLock teamsTeams togetherTeam positionsShared explorationLock speedFull tech treeHidden civsTurbo modeCheats
Victory
Defeat
🇨🇳 Danes · China
1952
+3
🇨🇳 Mongols · China
1863
+5
🇹🇼 Armenians · Taiwan
1781
+7
🇨🇿 Varangians · Czechia
1739
+7
🇦🇷 Britons · Argentina
1592
-6
🇳🇿 Varangians · New Zealand
1589
-6
🇨🇳 Wu · China
1576
-6
🇫🇷 Italians · France
1498
-4
爱人跟人走
9:54 Feudal Age
13:41 Castle Age
11:47 Fishing Lines
12:34 Double-Bit Axe
14:26 Gillnets
14:48 Loom
15:14 Bow Saw
16:50 Gold Mining
18:06 Gold Shaft Mining
18:07 Fletching
18:45 Bodkin Arrow
20:30 Ballistics
20:30 Padded Archer Armor
20:11 Horse Collar
22:22 Wheelbarrow
22:28 Town Watch
22:45 Heavy Plow
29:28 Imperial Age
27:29 Stone Mining
29:56 Hand Cart
30:17 Stone Shaft Mining
30:12 Bracer
31:02 Conscription
30:04 Elite Mangudai
30:17 Capped Ram
FUFU
11:01 Feudal Age
14:54 Castle Age
12:49 Double-Bit Axe
15:50 Medium Warships
16:56 Bow Saw
17:37 Forging
17:48 Fishing Lines
18:27 Gold Mining
18:23 Loom
19:14 Wheelbarrow
19:04 Gillnets
19:16 Stone Mining
20:11 Horse Collar
25:21 Imperial Age
23:57 Hand Cart
23:40 Fletching
23:51 Padded Archer Armor
24:38 Bodkin Arrow
24:27 Treadmill Crane
25:07 Ballistics
24:53 Crossbowman
26:03 Bracer
27:14 Chemistry
26:36 Town Watch
26:25 Arbalester
27:15 Elite Skirmisher
28:17 Leather Archer Armor
29:59 Ring Archer Armor
30:07 Elite Skirmisher
Dvnielsiii
6:48 Loom
8:54 Feudal Age
9:44 Double-Bit Axe
12:11 Town Watch
16:35 Castle Age
14:25 Fishing Lines
14:52 Fletching
17:24 Wheelbarrow
17:14 Bodkin Arrow
17:49 Bow Saw
17:41 Gillnets
19:22 Ballistics
21:04 Clinker Construction
24:19 Caravan
28:40 Imperial Age
27:56 Hand Cart
29:33 Bracer
30:34 Chemistry
29:06 Elite Longship
30:22 Carvel Hull
一剑扫秋风nelson
5:40 Loom
25:31 Feudal Age
29:37 Castle Age
27:29 Double-Bit Axe
28:14 Horse Collar
28:26 Stone Mining
29:03 Gold Mining
30:45 Bow Saw
31:13 Wheelbarrow
Asator
11:00 Feudal Age
13:20 Loom
13:52 Double-Bit Axe
16:09 Castle Age
15:23 Fletching
16:44 Crossbowman
17:51 Bodkin Arrow
19:03 Wheelbarrow
18:47 Town Watch
19:14 Bow Saw
19:06 Padded Archer Armor
20:41 Ballistics
22:35 Horse Collar
26:02 Elite Skirmisher
denboutain
10:54 Feudal Age
13:00 Loom
15:44 Castle Age
16:54 Fishing Lines
17:36 Double-Bit Axe
18:45 Medium Warships
25:24 Fletching
26:21 Gold Mining
27:47 Ballistics
31:06 Imperial Age
28:55 Horse Collar
29:29 Bow Saw
中药人
5:09 Loom
11:49 Feudal Age
12:30 Double-Bit Axe
15:44 Fishing Lines
19:07 Castle Age
17:23 Town Watch
19:52 Fletching
22:19 Horse Collar
22:56 Gold Mining
23:40 Medium Warships
24:45 Bow Saw
hungdonkey
8:09 Loom
11:21 Feudal Age
11:48 Fishing Lines
14:48 Town Watch
17:21 Castle Age
15:13 Double-Bit Axe
17:03 Fishing Lines
19:22 Wheelbarrow
19:18 Medium Warships
25:50 Bow Saw
26:49 Fletching
27:39 Hand Cart
30:01 Squires
Connection lost

Rejoining the realm…

Still unreachable

The connection could not be restored.

Session expired

The server has moved on; the page needs a fresh start.